 Dungeon Crawl Stone Soup version 0.21.1-1-g345015fe64 (webtiles) character file.

254 Naru the Firebug (level 6, -2/38 HPs)
             Began as an Octopode Fire Elementalist on June 14, 2018.
             Slain by a centaur (7 damage)
             ... on level 7 of the Dungeon.
             The game lasted 00:11:47 (3477 turns).

Naru the Firebug (Octopode Fire Elementalist)       Turns: 3477, Time: 00:11:47

Health: -2/38      AC:  1    Str:  7    XL:     6   Next: 14%
Magic:  9/10       EV: 12    Int: 17    God:
Gold:   235        SH:  0    Dex: 15    Spells: 4/10 levels left

rFire    . . .     SeeInvis .   e - +0 spear
rCold    . . .     Gourm    .   (no shield)
rNeg     . . .     Faith    .   (helmet restricted)
rPois    .         Spirit   .   (no amulet)
rElec    .         Reflect  .   (no ring)
rCorr    .         Harm     .   (no ring)
MR       .....                  (no ring)
Stlth    +.........             (no ring)
HPRegen  0.12/turn              (no ring)
MPRegen  0.12/turn              (no ring)
                                (no ring)
                                (no ring)

@: contaminated, glowing, heavily drained
A: almost no armour, stealthy swim, amphibious, 8 rings, constrict 8, camouflage
1, gelatinous body 1
a: no special abilities


You were on level 7 of the Dungeon.
You were not hungry.

You visited 1 branch of the dungeon, and saw 5 of its levels.

You collected 235 gold pieces.

Inventory:

Hand Weapons
 e - a +0 spear (weapon)
 g - a +0 dagger of freezing
 x - the +6 shortbow of the Onslaught {venom, *Contam rN+ Str+4 SInv}
   (You found it on level 4 of the Dungeon)

   It poisons the ammo it fires.
   It affects your strength (+4).
   It protects you from negative energy.
   It lets you see invisible.
   It causes magical contamination when unequipped.
Armour
 p - a +1 shield
Jewellery
 l - an uncursed amulet of harm
Wands
 j - a wand of iceblast (6)
 q - a wand of random effects (18)
 s - a wand of paralysis (5)
 t - a wand of enslavement (12)
Scrolls
 d - 2 scrolls of remove curse
 i - a scroll of fog
 o - a scroll of identify
 r - a scroll of enchant armour
 u - a scroll of immolation {unknown}
 v - a scroll of magic mapping {unknown}
 w - 2 scrolls of teleportation {unknown}
Potions
 b - a potion of ambrosia {unknown}
 c - a potion of curing
 f - a potion of invisibility {unknown}
 h - a potion of heal wounds {unknown}
 k - a potion of lignification {unknown}
 m - 2 potions of cancellation
Books
 a - a book of Flames

   Spells                             Type                      Level
   a - Flame Tongue                   Conjuration/Fire             1
   b - Throw Flame                    Conjuration/Fire             2
   c - Conjure Flame                  Conjuration/Fire             3
   d - Inner Flame                    Hexes/Fire                   3
   e - Sticky Flame                   Conjuration/Fire             4
   f - Fireball                       Conjuration/Fire             5
Comestibles
 n - 2 rations


   Skills:
 * Level 1.4(0.1) Fighting
 + Level 0.9(0.0) Polearms
 + Level 2.1(0.7) Dodging
 - Level 3.2(1.8) Stealth
 * Level 0.3(0.0) Shields
 + Level 2.9(1.5) Spellcasting
 + Level 3.1(1.7) Conjurations
 + Level 4.3(2.8) Fire Magic
 * Level 1.1(0.0) Evocations


You had 4 spell levels left.
You knew the following spells:

 Your Spells              Type           Power        Failure   Level  Hunger
a - Flame Tongue          Conj/Fire      #....        8%          1    ##.....
b - Throw Flame           Conj/Fire      #.....       12%         2    ###....
c - Conjure Flame         Conj/Fire      #.......     24%         3    ####...


Dungeon Overview and Level Annotations

Branches:
Dungeon (4/15)
 Temple: D:4-7

Altars:
Cheibriados
Gozag
Wu Jian


Innate Abilities, Weirdness & Mutations

You cannot wear most types of armour.
You are very stealthy in the water. (Stealth+)
You are amphibious.
You can wear up to eight rings at the same time.
You can use your tentacles to constrict eight enemies at once.
Your skin changes colour to match your surroundings (Stealth+).
Your rubbery body absorbs attacks. (AC +1, EV +1)


Message History

The centaur unwields an uncursed shortbow.
The centaur hits you.
* * * LOW HITPOINT WARNING * * *
You are too injured to fight recklessly!
You are too injured to fight recklessly!
The centaur hits you.
* * * LOW HITPOINT WARNING * * *
You hit the centaur but do no damage. You squeeze the centaur.
The centaur is moderately wounded.
The centaur hits you.
* * * LOW HITPOINT WARNING * * *
You hit the centaur. You squeeze the centaur!
The centaur is severely wounded.
The centaur closely misses you. The centaur barely misses you.
You hit the centaur. Your squeeze misses the centaur.
The centaur is severely wounded.
The centaur hits you.
* * * LOW HITPOINT WARNING * * *
The centaur hits you!
You die...

........
......
..####....#
.c...[....#
......c.#.#
#(#.# #.#.#
#######.#.#
........c@#
#...#.....#
#. #.....#
#.....#
#.....#
###...#
.....
.......


You could see a centaur.

Vanquished Creatures
  A howler monkey (D:3)
  Natasha (D:2)
  An orc wizard (D:3)
  A worker ant (D:4)
  4 adders
  3 oozes
  An adder skeleton (D:4)
  3 worms (D:2)
  3 dart slugs
  A leopard gecko (D:1)
  6 orcs
  A ball python (D:2)
  2 bats
  4 giant cockroaches
  11 hobgoblins
  2 jackals (D:3)
  2 quokkas
  3 frilled lizards
  10 goblins
  4 kobolds
  3 leopard gecko skeletons (D:4)
  A leopard gecko zombie (D:2)
  9 rats
77 creatures vanquished.

Notes
Turn   | Place    | Note
-------+----------+-------------------------------------------
     0 | D:1      | Naru the Octopode Fire Elementalist began the quest for the Orb.
     0 | D:1      | Reached XP level 1. HP: 11/11 MP: 3/3
   214 | D:1      | Reached XP level 2. HP: 15/18 MP: 0/5
   724 | D:1      | Reached XP level 3. HP: 22/22 MP: 4/6
   738 | D:1      | Learned a level 2 spell: Throw Flame
   742 | D:1      | Learned a level 3 spell: Conjure Flame
  1107 | D:2      | Reached skill level 4 in Fire Magic
  1107 | D:2      | Reached XP level 4. HP: 24/27 MP: 1/7
  1654 | D:2      | Noticed Natasha
  1656 | D:2      | Killed Natasha
  1656 | D:2      | Reached skill level 1 in Fighting
  1662 | D:2      | Found an opulent altar of Gozag.
  1953 | D:3      | Found a snail-covered altar of Cheibriados.
  1967 | D:3      | Reached XP level 5. HP: 25/33 MP: 2/8
  2589 | D:3      | Reached skill level 1 in Evocations
  2933 | D:4      | Found an ornate altar of the Wu Jian Council.
  3048 | D:4      | Reached XP level 6. HP: 38/38 MP: 1/10
  3325 | D:4      | Got an encrusted shortbow
  3331 | D:4      | Identified the +6 shortbow of the Onslaught {venom, *Contam rN+ Str+4 SInv} (You found it on level 4 of the Dungeon)
  3462 | D:4      | You fall through a shaft for 3 floors!
  3477 | D:7      | Slain by a centaur

Skill      XL: |  1  2  3  4  5 |
---------------+----------------+-----
Stealth        | 3 |  3.2
Fire Magic     | 4 |  4.3
Fighting       | 1 |  1.4
Conjurations   | 2 3 |  3.1
Evocations     | 1 |  1.1
Polearms       | |  0.9
Dodging        | |  2.1
Shields        | |  0.3
Spellcasting   | |  2.9

Action                   |  1- 3 |  4- 6 || total
-------------------------+-------+-------++-------
Melee: Club              |    13 |       ||    13
       Constrict         |     9 |    13 ||    22
       Tentacles         |     4 |    10 ||    14
       Spear             |    12 |    45 ||    57
 Cast: Flame Tongue      |    26 |    17 ||    43
       Throw Flame       |     9 |    48 ||    57
  Use: Scroll            |       |     7 ||     7
       Potion            |       |     1 ||     1
 Stab: Sleeping          |     1 |     1 ||     2
  Eat: Ration            |     1 |     2 ||     3
       Chunk             |       |     2 ||     2
Armor: Skin              |     1 |     2 ||     3
Dodge: Dodged            |    15 |    23 ||    38
Block: Shield            |       |     2 ||     2
